 Dungeon Sprint DCSS version 0.30-a0-177-g1cb5dbfd7a (webtiles) character file.

Game seed: 13557104307985140799

16515 mhtbhm the Warrior (level 12, 0/96 HPs)
             Began as a Gargoyle Berserker on Oct 2, 2022.
             Was a High Priest of Trog.
             Slain by the 27-headed Lernaean hydra (4 damage)
             ... in the Dungeon (Sprint II: "The Violet Keep of Menkaure").
             The game lasted 00:11:23 (3776 turns).

mhtbhm the Warrior (Gargoyle Berserker)             Turns: 3776, Time: 00:11:23

Health: 0/96       AC: 25    Str: 26    XL:     12   Next: 38%
Magic:  5/12       EV: 15    Int:  6    God:    Trog [*****.]
Gold:   680        SH:  0    Dex:  9    Spells: 11/11 levels left

rFire   . . .      SeeInvis +    a - +7 great mace "Undeadhunter" {disrupt, rN+}
rCold   + . .      Faith    .    (shield currently unavailable)
rNeg    + + .      Spirit   .    b - +3 leather armour {rC+}
rPois   ∞          Reflect  .    (no helmet)
rElec   +          Harm     .    C - +2 cloak {Stlth+}
rCorr   .          Rampage  .    i - +2 pair of gloves
Will    .....      NoTele   +    j - +1 pair of boots {Fly}
Stlth   ++++......               (no amulet)
HPRegen 0.36/turn                u - ring of see invisible
MPRegen 0.13/turn                (no ring)

@: on berserk cooldown, flying, slowed, very slow
A: sickness immunity, AC +8, negative energy resistance 1, electricity
resistance, torment resistance 1, petrification resistance, dopey 1, mutation
resistance 1, wild magic 1
a: Renounce Religion, Berserk, Trog's Hand, Brothers in Arms


You were in the Dungeon.
You worshipped Trog.
Trog was extremely pleased with you.
You visited 1 branch You collected 2350 gold pieces.
You spent 1670 gold pieces at shops.

Inventory:

Hand Weapons
 a - the +7 great mace "Undeadhunter" (weapon) {disrupt, rN+}
   (Trog gifted it to you in the Dungeon)

   It inflicts significantly more damage against the undead.
   rN:        It protects you from negative energy.
Missiles
 A - a poisoned dart (quivered)
 B - 2 boomerangs
Armour
 b - a +3 leather armour of cold resistance (worn)
 i - a +2 pair of gloves (worn)
 j - a +1 pair of boots of flying (worn)
 C - a +2 cloak of stealth (worn)
Jewellery
 u - a ring of see invisible (left hand)
Scrolls
 l - 4 scrolls of identify
 m - 2 scrolls of vulnerability {unknown}
 n - 2 scrolls of immolation {unknown}
 o - a scroll of magic mapping {unknown}
 q - 3 scrolls of fog {unknown}
 t - a scroll of brand weapon {unknown}
 v - 2 scrolls of amnesia {unknown}
 y - a scroll of enchant weapon {unknown}
Potions
 c - 3 potions of curing
 d - 2 potions of might
 e - 2 potions of haste
 f - 6 potions of magic
 g - a potion of berserk rage
 h - a potion of heal wounds
 p - a potion of mutation
 r - 3 potions of resistance {unknown}
 s - 9 potions of flight {unknown}
 w - a potion of lignification {unknown}
 x - 2 potions of invisibility
 z - 2 potions of degeneration {unknown}


   Skills:
 + Level 19.6 Fighting
 + Level 17.5 Maces & Flails
 + Level 3.9 Throwing
 + Level 9.6 Armour
 + Level 13.4 Dodging
 + Level 6.0 Stealth


You had 11 spell levels left.
You didn't know any spells.
Your spell library was empty.

Dungeon Overview and Level Annotations

Branches:
Dungeon (1/1)

Altars:
Cheibriados
Dithmenos
Elyvilon
Fedhas
Gozag
Hepliaklqana
Kikubaaqudgha
Makhleb
Nemelex Xobeh
Okawaru
Qazlal
Ru
Sif Muna
Trog
Uskayaw
Vehumet
Wu Jian
Xom
Yredelemnul
Zin
The Shining One
Jiyva
Lugonu

Shops:
D :(!?[[:=(!((=![[

Annotations:
D Lernaean hydra, Roxanne


Innate Abilities, Weirdness & Mutations

You are immune to sickness and miasma.
Your stone body is resilient. (AC +8)
You are immune to poison.
You resist negative energy. (rN+)
You are resistant to electric shocks. (rElec)
You are resistant to unholy torment.
You are immune to petrification.
You are dopey. (Int -2)
You are somewhat resistant to further mutation.
Your spells are a little harder to cast, but a little more powerful.


Message History

The 27-headed Lernaean hydra bites you.
The 27-headed Lernaean hydra misses you.
The 27-headed Lernaean hydra bites you but does no damage. x2
The 27-headed Lernaean hydra bites you!
* * * LOW HITPOINT WARNING * * *
The 27-headed Lernaean hydra misses you.
The 27-headed Lernaean hydra bites you!
* * * LOW HITPOINT WARNING * * *
The 27-headed Lernaean hydra bites you but does no damage. x4
The 27-headed Lernaean hydra barely misses you.
The 27-headed Lernaean hydra bites you but does no damage. x2
The 27-headed Lernaean hydra closely misses you.
The 27-headed Lernaean hydra bites you!
* * * LOW HITPOINT WARNING * * *
The 27-headed Lernaean hydra closely misses you.
The 27-headed Lernaean hydra bites you but does no damage. x2
The 27-headed Lernaean hydra closely misses you.
The 27-headed Lernaean hydra bites you but does no damage. x2
Your troll barely misses the 27-headed Lernaean hydra.
Your troll claws the 27-headed Lernaean hydra!
Your troll claws the 27-headed Lernaean hydra.
The 27-headed Lernaean hydra bites your troll.
The 27-headed Lernaean hydra misses your troll.
The 27-headed Lernaean hydra bites your troll.
The 27-headed Lernaean hydra bites your troll!
The 27-headed Lernaean hydra bites your troll but does no damage.
The 27-headed Lernaean hydra bites your troll! x2
The 27-headed Lernaean hydra bites your troll. x2
The 27-headed Lernaean hydra bites your troll!
Your troll dies!
Your troll's corpse disappears in a puff of smoke!
The 27-headed Lernaean hydra bites you but does no damage. x2
The 27-headed Lernaean hydra bites you.
* * * LOW HITPOINT WARNING * * *
The 27-headed Lernaean hydra misses you.
The 27-headed Lernaean hydra bites you but does no damage. x2
The 27-headed Lernaean hydra barely misses you.
The 27-headed Lernaean hydra bites you but does no damage. x4
The 27-headed Lernaean hydra bites you.
You die...

##..∩.∩...#~#.#.##.#
##...∩.∩..'~'.##'.<.
##....∩.∩.#~#..###.#
#▓▓▓▓▓▓▓###~##.###'#
##...######~~####.#.
#...#..'.##~~~#..#.
#∩.[)..#'##'#~###°#
#...#[##≈##.#~~##○#
#§@.###≈≈§####~~~~~
##D###≈≈≈≈≈# #'○°#+
#...##≈≈§≈≈###..°.°
##)###≈≈≈≈≈##°°.°°°
#...#+§≈§§≈'.○°°○°°
##'###≈≈≈≈§##°○○°°°
$.:##≈≈≈≈≈###°.○.°
##+###≈≈§≈≈# ####'#
##§≈§##....###


You could see the 27-headed Lernaean hydra.

Vanquished Creatures
  Nikola (D)
  An ice dragon (D)
  A great orb of eyes (D)
  2 deep trolls (D)
  2 death drakes (D)
  An obsidian statue (D)
  An oklob plant (D)
  3 manticores (D)
  3 shining eyes (D)
  A merfolk siren (D)
  2 toenail golems (D)
  2 unseen horrors (D)
  A yaktaur (D)
  3 polar bears (D)
  A hornet (D)
  5 wyverns (D)
  3 neqoxecs (D)
  4 water moccasins (D)
  A swamp drake (D)
  4 scorpions (D)
  9 electric eels (D)
  5 tentacles (D)
56 creatures vanquished.

Vanquished Creatures (collateral kills)
  2 sphinxes (D)
  A kraken (D)
  A crystal guardian (D)
  A swamp drake (D)
  A tentacle (D)
6 creatures vanquished.

Vanquished Creatures (others)
  A neqoxec (D)
  Menkaure (D)
  A water moccasin (D)
  A scorpion (D)
  13 tentacles (D)
17 creatures vanquished.

Grand Total: 79 creatures vanquished

Notes
Turn   | Place    | Note
-------+----------+-------------------------------------------
     0 | D        | mhtbhm the Gargoyle Berserker began the quest for the Orb.
     0 | D        | Reached XP level 1. HP: 14/14 MP: 1/1
     1 | D        | Noticed a neqoxec
     5 | D        | Gained mutation: You occasionally lose the ability to drink
                  | potions when taking damage. [a neqoxec]
     7 | D        | Killed a neqoxec
     8 | D        | Reached skill level 7 in Fighting
     8 | D        | Reached XP level 2. HP: 11/25 MP: 2/2
     8 | D        | Reached XP level 3. HP: 13/29 MP: 3/3
     8 | D        | Reached XP level 4. HP: 16/35 MP: 4/4
     8 | D        | Reached XP level 5. HP: 18/39 MP: 5/5
    33 | D        | Noticed a neqoxec
   104 | D        | Found Upeniofobo's Antique Weapon Shoppe.
   104 | D        | Found Zeugg's Distillery.
   104 | D        | Found Qudeelegg's Weapon Shoppe.
   105 | D        | Found Azu Wiuw's Antique Armour Emporium.
   105 | D        | Found Fabeax's Jewellery Emporium.
   105 | D        | Found Johazont's Magic Scroll Shoppe.
   105 | D        | Found Ryenapsi's Book Shoppe.
   105 | D        | Found Tuodah's Antique Weapon Shoppe.
   105 | D        | Found Jegusaes's Jewellery Shoppe.
   105 | D        | Found Kaacugh's Antique Armour Emporium.
   105 | D        | Found Aduecze's Antique Armour Shoppe.
   105 | D        | Found Ixtil's Distillery.
   108 | D        | Noticed a neqoxec
   113 | D        | Killed a neqoxec
   114 | D        | Reached skill level 9 in Fighting
   114 | D        | Reached XP level 6. HP: 46/46 MP: 6/6
   115 | D        | Found Xurupn's Distillery.
   115 | D        | Found Kahucaosk's Weapon Emporium.
   115 | D        | Noticed a great orb of eyes
   125 | D        | Gained mutation: Your body sometimes deteriorates upon
                  | taking damage. [a neqoxec]
   128 | D        | Killed a neqoxec
   131 | D        | Killed a neqoxec
   131 | D        | Reached ** piety under Trog
   132 | D        | Reached skill level 10 in Fighting
   132 | D        | Reached skill level 5 in Armour
   157 | D        | Killed Menkaure
   231 | D        | Noticed a merfolk siren
   243 | D        | Killed a merfolk siren
   244 | D        | Reached skill level 11 in Fighting
   244 | D        | Reached skill level 5 in Dodging
   244 | D        | Reached XP level 7. HP: 22/54 MP: 7/7
   390 | D        | Reached XP level 8. HP: 55/60 MP: 8/8
   398 | D        | Reached *** piety under Trog
   401 | D        | Noticed an obsidian statue
   446 | D        | Noticed a wyvern
   456 | D        | Killed a wyvern
   457 | D        | Reached skill level 12 in Fighting
   488 | D        | Noticed a wyvern
   506 | D        | Killed a wyvern
   578 | D        | Reached **** piety under Trog
   587 | D        | Noticed an oklob plant
   588 | D        | Found Viumahes's Book Shoppe.
   589 | D        | Noticed a manticore
   589 | D        | Noticed a manticore
   590 | D        | Noticed a manticore
   601 | D        | Bought a pair of embroidered gloves for 225 gold pieces
   616 | D        | Bought a dyed leather armour for 155 gold pieces
   629 | D        | Noticed a wyvern
   633 | D        | Bought a pair of glowing boots for 232 gold pieces
   633 | D        | Bought an embroidered cloak for 232 gold pieces
   671 | D        | Noticed Roxanne
   674 | D        | Found a glowing golden altar of the Shining One.
   674 | D        | Found a basalt altar of Yredelemnul.
   679 | D        | Found an ornate altar of the Wu Jian Council.
   679 | D        | Found a shimmering altar of Xom.
   679 | D        | Found a shimmering blue altar of Sif Muna.
   679 | D        | Found a glowing silver altar of Zin.
   679 | D        | Found a bloodstained altar of Trog.
   679 | D        | Found a hide-covered altar of Uskayaw.
   679 | D        | Found a corrupted altar of Lugonu.
   679 | D        | Found a radiant altar of Vehumet.
   679 | D        | Found a burning altar of Makhleb.
   679 | D        | Found a sparkling altar of Nemelex Xobeh.
   679 | D        | Found a blossoming altar of Fedhas.
   680 | D        | Found a sacrificial altar of Ru.
   680 | D        | Found an ancient bone altar of Kikubaaqudgha.
   680 | D        | Found a white marble altar of Elyvilon.
   680 | D        | Found an iron altar of Okawaru.
   680 | D        | Found an opulent altar of Gozag.
   681 | D        | Found a stormy altar of Qazlal.
   681 | D        | Found a viscous altar of Jiyva.
   681 | D        | Found a shadowy altar of Dithmenos.
   686 | D        | Noticed a polar bear
   690 | D        | Found a snail-covered altar of Cheibriados.
   692 | D        | Noticed a yaktaur
   692 | D        | Noticed a hornet
   692 | D        | Noticed a polar bear
   699 | D        | Killed a polar bear
   700 | D        | Noticed a polar bear
   704 | D        | Killed a polar bear
   705 | D        | Reached skill level 13 in Fighting
   707 | D        | Killed a hornet
   708 | D        | Reached XP level 9. HP: 68/68 MP: 9/9
   715 | D        | Killed a yaktaur
   716 | D        | Reached skill level 1 in Stealth
   720 | D        | Killed a polar bear
   813 | D        | Noticed a kraken
   964 | D        | Reached ***** piety under Trog
   965 | D        | Reached skill level 14 in Fighting
   967 | D        | Found a hazy altar of Hepliaklqana.
  1270 | D        | Noticed a death drake
  1270 | D        | Noticed a crystal guardian
  1272 | D        | Noticed a death drake
  1287 | D        | Killed a death drake
  1318 | D        | Killed a death drake
  1319 | D        | Reached skill level 15 in Fighting
  1319 | D        | Reached skill level 15 in Maces & Flails
  1319 | D        | Reached skill level 1 in Throwing
  1319 | D        | Reached XP level 10. HP: 56/76 MP: 10/10
  1344 | D        | Killed a crystal guardian
  1582 | D        | Killed an unseen horror
  1681 | D        | Killed an unseen horror
  1837 | D        | Noticed an ice dragon
  1864 | D        | Killed an ice dragon
  1865 | D        | Reached skill level 16 in Fighting
  2078 | D        | Noticed a deep elf master archer
  2132 | D        | Noticed a shining eye
  2132 | D        | Noticed a shining eye
  2132 | D        | Noticed a shining eye
  2140 | D        | Killed a shining eye
  2146 | D        | Killed a shining eye
  2153 | D        | Killed a shining eye
  2154 | D        | Reached XP level 11. HP: 84/84 MP: 11/11
  2326 | D        | Lost mutation: Your body sometimes deteriorates upon taking
                  | damage. [potion of mutation]
  2326 | D        | Lost mutation: You occasionally lose the ability to drink
                  | potions when taking damage. [potion of mutation]
  2326 | D        | Gained mutation: You are dopey. (Int -2) [potion of
                  | mutation]
  2326 | D        | Gained mutation: Your spells are a little harder to cast,
                  | but a little more powerful. [potion of mutation]
  2326 | D        | Gained mutation: You are somewhat resistant to further
                  | mutation. [potion of mutation]
  2374 | D        | Killed a kraken
  2375 | D        | Reached skill level 17 in Fighting
  2375 | D        | Reached skill level 10 in Dodging
  2517 | D        | Noticed a deep troll
  2517 | D        | Noticed a deep troll
  2524 | D        | Killed a deep troll
  2536 | D        | Killed a deep troll
  2604 | D        | Noticed a sphinx
  2604 | D        | Noticed a sphinx
  2626 | D        | Paralysed by a sphinx for 2 turns
  2634 | D        | Killed a sphinx
  2636 | D        | Killed a sphinx
  2636 | D        | Received a gift from Trog
  2637 | D        | Reached skill level 18 in Fighting
  2940 | D        | Bought a dull robe for 176 gold pieces
  2940 | D        | Identified the +1 robe of Lucher {Str-4 Int+4} (You bought
                  | it in a shop in the Dungeon)
  2949 | D        | Bought a potion of might for 48 gold pieces
  2949 | D        | Bought a potion of might for 48 gold pieces
  2969 | D        | Bought a potion of haste for 110 gold pieces
  2969 | D        | Bought 2 potions of heal wounds for 110 gold pieces
  2979 | D        | Bought a potion of invisibility for 112 gold pieces
  2987 | D        | Bought a potion of curing for 36 gold pieces
  2987 | D        | Bought a potion of curing for 36 gold pieces
  2991 | D        | Bought a ring of see invisible for 150 gold pieces
  3037 | D        | Noticed a sun demon
  3047 | D        | Killed an obsidian statue
  3075 | D        | Found Hempysoy's Antique Armour Boutique.
  3107 | D        | Noticed Nikola
  3165 | D        | Noticed the 27-headed Lernaean hydra
  3278 | D        | Killed a manticore
  3279 | D        | Reached skill level 5 in Stealth
  3283 | D        | Killed a manticore
  3283 | D        | Received a gift from Trog
  3284 | D        | Reached XP level 12. HP: 94/94 MP: 12/12
  3292 | D        | Killed a great orb of eyes
  3297 | D        | Reached skill level 19 in Fighting
  3591 | D        | Killed Nikola
  3712 | D        | Received a gift from Trog
  3712 | D        | Found the +7 great mace "Undeadhunter" {disrupt, rN+}
  3776 | D        | HP: 4/96 [the 27-headed Lernaean hydra (3)]
  3776 | D        | Slain by the 27-headed Lernaean hydra

Illustrated notes

Levels and vault maps discovered:
D:        the_violet_keep_of_menkaure [sprint2_stairs_cluster_1,
          sprint2_shoproom, sprint2_temple, sprint2_basic_supplies,
          sprint2_obstacle_3, sprint2_obstacle_6, sprint2_obstacle_5,
          sprint2_obstacle_7, sprint2_obstacle_4, sprint2_timed_cluster_1,
          sprint2_smallroom_cluster_1, sprint2_smallroom_final_cluster_1,
          sprint2_transparent_cluster_1, sprint2_second_timed_cluster_1,
          sprint2_sniper_area_1, sprint2_heavy_combat_area_1,
          sprint2_mutation_trap_area_1, sprint2_forest_area_1,
          sprint2_light_combat_area_1, sprint2_behind_water_1,
          sprint2_near_end_vault_1]

Skill      XL: |  1  2  3  4  5  6  7  8  9 10 11 12 |
---------------+-------------------------------------+-----
Fighting       | 7 9 11 13 15 16 18 19 | 19.6
Maces & Flails | 7 8 11 13 15 16 17 | 17.5
Armour         | 3 4 5 6 7 8 9 |  9.6
Dodging        | 3 5 6 7 9 12 13 | 13.4
Stealth        | 2 4 5 6 |  6.0
Throwing       | 1 2 3 |  3.9

Action                   |  1- 3 |  4- 6 |  7- 9 | 10-12 || total
-------------------------+-------+-------+-------+-------++-------
Melee: Mace              |     4 |    30 |   156 |   227 ||   417
       Punch             |       |     2 |     3 |     3 ||     8
       Flail             |       |       |       |    29 ||    29
       Great mace        |       |       |       |     2 ||     2
Throw: Dart              |       |       |     4 |     1 ||     5
       Boomerang         |       |       |       |     2 ||     2
Invok: Berserk           |     1 |     2 |     4 |    12 ||    19
       Brothers in Arms  |       |       |       |     5 ||     5
       Trog's Hand       |       |       |       |     1 ||     1
  Use: Scroll            |       |       |     1 |     2 ||     3
       Potion            |       |       |       |     6 ||     6
 Stab: Distracted        |       |       |     1 |       ||     1
Armor: Animal skin       |       |     3 |     8 |       ||    11
       Leather armour    |       |       |    72 |   197 ||   269
Dodge: Dodged            |       |    12 |    64 |   146 ||   222

Table legend: (Time is in decaauts)
 A = Elapsed time spent in this place.
 B = Non-inter-level travel time spent in this place.
 C = Inter-level travel time spent in this place.
 D = Time resting spent in this place.
 E = Time spent auto-exploring this place.
 F = Levels seen in this place.
 G = Mean time per level.
                   A        B        C        D        E       F      G
               +--------+--------+--------+--------+--------+-----+--------+
         Total |   3797 |   3797 |      0 |   2415 |      0 |   1 | 3797.0 |
       Dungeon |   3797 |   3797 |      0 |   2415 |      0 |   1 | 3797.0 |
               +--------+--------+--------+--------+--------+-----+--------+

Top non-repeatable levels by time:
       D: 3797 daAuts
